 Dungeon Crawl Stone Soup version 0.23.2-40-g277498a001 (webtiles) character file.

Game seed: 9547177136845089929

4438 Exodus22XD the Cleaver (level 10, -28/79 HPs)
             Began as a Formicid Fighter on Sept 5, 2019.
             Was a Believer of Yredelemnul.
             Annihilated by a komodo dragon (40 damage)
             ... on level 10 of the Dungeon.
             The game lasted 00:26:51 (7922 turns).

Exodus22XD the Cleaver (Formicid Fighter)           Turns: 7922, Time: 00:26:53

Health: -28/79     AC: 16    Str: 27    XL:     10   Next: 63%
Magic:  0/10       EV:  9    Int:  8    God:    Yredelemnul [**....]
Gold:   391        SH: 12    Dex: 10    Spells: 9/9 levels left

rFire    . . .     SeeInvis +   r - +7 mace of Variability {chain chaos}
rCold    . . .     Gourm    .   c - +0 shield
rNeg     + . .     Faith    .   o - +0 pearl dragon scales
rPois    .         Spirit   +   (helmet unavailable)
rElec    .         Reflect  .   u - +0 cloak
rCorr    .         Harm     .   (no gloves)
MR       ++...                  m - +1 pair of boots
Stlth    ..........             j - amulet of guardian spirit
HPRegen  0.23/turn              e - ring of protection from magic
MPRegen  0.12/turn              F - +3 ring of strength

@: no status effects
A: permanent stasis, dig shafts and tunnels, four strong arms, antennae 3
a: Dig, Shaft Self, Animate Remains, Recall Undead Slaves, Injury Mirror,
Renounce Religion


You were on level 10 of the Dungeon.
You worshipped Yredelemnul.
Yredelemnul was pleased with you.
You were near starving.

You visited 2 branches of the dungeon, and saw 10 of its levels.

You collected 391 gold pieces.

Inventory:

Hand Weapons
 a - a +0 war axe
 r - the +7 mace of Variability (weapon) {chain chaos}
   (You found it on level 9 of the Dungeon)

   Each time it hits an enemy it has a different, random effect.
Armour
 c - a +0 shield (worn)
 m - a +1 pair of boots (worn)
 o - +0 pearl dragon scales (worn)
 u - a +0 cloak (worn)
Jewellery
 e - a ring of protection from magic (left hand)
 j - an amulet of guardian spirit (around neck)
 x - an uncursed ring of protection from magic
 F - a +3 ring of strength (right hand)
Wands
 g - a wand of flame (14)
 h - a wand of clouds (1)
 E - a wand of scattershot (3)
Scrolls
 b - 3 scrolls of amnesia
 i - a scroll of immolation
 n - 7 scrolls of remove curse
 p - a scroll of enchant armour
 s - 2 scrolls of magic mapping
 t - a scroll of fog
 w - a scroll of identify
 y - a scroll of enchant weapon
Potions
 d - 2 potions of might
 l - 2 potions of brilliance
 v - 2 potions of flight
 B - a potion of agility
Comestibles
 f - 21 rations


   Skills:
 + Level 7.2 Fighting
 + Level 9.9(10.1) Axes
 + Level 3.1(7.0) Maces & Flails
 + Level 7.3 Armour
 + Level 8.7 Shields
 - Level 0.3 Evocations


You had 9 spell levels left.
You didn't know any spells.
Your spell library contained the following spells:

 Spells                   Type           Power        Failure   Level  Hunger
 Freeze                   Ice            #...         71%         1    ##.....
 Summon Small Mammal      Summ           #...         71%         1    ##.....
 Call Imp                 Summ           #.......     85%         2    ###....
 Poisonous Vapours        Pois/Air       #.....       85%         2    ###....
 Throw Frost              Conj/Ice       #.....       85%         2    ###....
 Call Canine Familiar     Summ           #.......     97%         3    ####...
 Conjure Flame            Conj/Fire      #.......     97%         3    ####...
 Mephitic Cloud           Conj/Pois/Air  #.......     97%         3    ####...
 Ozocubu's Armour         Chrm/Ice       #.......     97%         3    ####...
 Summon Guardian Golem    Hex/Summ       #.......     97%         3    ####...
 Summon Ice Beast         Ice/Summ       #.......     100%        4    #####..
 Summon Lightning Spire   Summ/Air       #.......     100%        4    #####..
 Throw Icicle             Conj/Ice       #.......     100%        4    #####..
 Freezing Cloud           Conj/Ice/Air   #.........   100%        6    #######
 Ring of Flames           Chrm/Fire      #.........   100%        7    #######


Dungeon Overview and Level Annotations

Branches:
Dungeon (10/15)            Temple (1/1) D:6             Orc (0/2) D:9
   Lair: D:8-11

Altars:
Ashenzari
Cheibriados
Dithmenos
Elyvilon
Gozag
Hepliaklqana
Kikubaaqudgha
Makhleb
Nemelex Xobeh
Okawaru
Qazlal
Ru
Sif Muna
Trog
Uskayaw
Vehumet
Wu Jian
Xom
Yredelemnul
Zin
The Shining One


Innate Abilities, Weirdness & Mutations

You cannot be hasted, slowed, berserked, paralysed or teleported.
You can dig through walls and to a lower floor.
Your four strong arms can wield two-handed weapons with a shield.
You have a pair of large antennae on your head. (SInv)


Message History

The komodo dragon bites you but does no damage.
You barely miss the komodo dragon.
The komodo dragon is severely wounded.
The komodo dragon bites you but does no damage.
The komodo dragon bites you!
* * * LOW HITPOINT WARNING * * *
No item to drop.
Unknown command.
Aiming: Scattershot
Press: ? - help, Shift-Dir - straight line, f - komodo dragon
Aim: a komodo dragon (severely wounded, berserk, fast, unusually strong, poisoned)
The burst of metal fragments hits the komodo dragon.
The burst of metal fragments hits the komodo dragon but does no damage.
The burst of metal fragments hits the komodo dragon.
The burst of metal fragments hits the komodo dragon but does no damage.
The komodo dragon is severely wounded.
You block the komodo dragon's attack. The komodo dragon bites you!!!
Ouch! That really hurt!
You die...
Your body rises from the dead as a mindless zombie.

###.##### ####!.).#
#. #....# ## #....#
###.## ####...###
######+####........#
........#..........#
........#.#...(....#
........#@#.......(#
........l.#........#
........###........#
........# ##########
........# #########


You could see a komodo dragon (berserk).

Vanquished Creatures
  Prince Ribbit (D:8)
  Sigmund (D:3)
  A hippogriff (D:8)
  2 wyverns (D:9)
  4 hogs
  A hungry ghost (D:10)
  3 chaos spawn (D:9)
  4 orc warriors
  An ice beast (D:5)
  A phantom (D:8)
  2 ogres
  3 centaurs
  A big kobold (D:4)
  3 bullfrogs
  2 scorpions
  5 crimson imps (D:5)
  3 jellies
  A centaur skeleton (D:4)
  An orc priest (D:5)
  Crazy Yiuf (D:3)
  7 orc wizards
  3 bullfrog skeletons
  5 iguanas
  Natasha (twice) (D:4)
  6 worker ants
  5 adders
  2 gnolls (D:3)
  A shadow imp (D:3)
  An adder skeleton (D:4)
  3 worms (D:3)
  3 dart slugs
  2 leopard geckos (D:4)
  38 orcs
  4 bats
  6 giant cockroaches
  8 goblins
  8 hobgoblins
  4 jackals (D:5)
  15 kobolds
  6 quokkas
  A ball python (D:4)
  7 frilled lizards
  A leopard gecko zombie (D:5)
  8 rats
187 creatures vanquished.

Vanquished Creatures (others)
  A human (D:9)
  A centaur zombie (D:9)
  An orc wizard (D:3)
  2 plants (D:8)
5 creatures vanquished.

Grand Total: 192 creatures vanquished

Notes
Turn   | Place    | Note
-------+----------+-------------------------------------------
     0 | D:1      | Exodus22XD the Formicid Fighter began the quest for the
                  | Orb.
     0 | D:1      | Reached XP level 1. HP: 18/18 MP: 1/1
   116 | D:1      | Reached XP level 2. HP: 16/24 MP: 2/2
  1059 | D:2      | Reached XP level 3. HP: 27/29 MP: 3/3
  1289 | D:2      | Reached XP level 4. HP: 33/36 MP: 4/4
  1616 | D:3      | Reached skill level 3 in Axes
  1905 | D:3      | Reached XP level 5. HP: 42/42 MP: 5/5
  1988 | D:3      | Noticed Sigmund
  2002 | D:3      | Killed Sigmund
  2002 | D:3      | Reached skill level 4 in Axes
  2002 | D:3      | Reached skill level 5 in Shields
  2002 | D:3      | Reached XP level 6. HP: 31/48 MP: 4/6
  2081 | D:3      | Found an iron altar of Okawaru.
  2352 | D:3      | Noticed an orc warrior
  2382 | D:3      | Reached skill level 5 in Axes
  2382 | D:3      | Reached XP level 7. HP: 27/54 MP: 3/7
  2448 | D:3      | Found a runed translucent door.
  2449 | D:3      | Noticed Crazy Yiuf
  2564 | D:3      | Killed Crazy Yiuf
  2990 | D:4      | Noticed Natasha
  3010 | D:4      | Killed Natasha
  3024 | D:4      | Reached skill level 6 in Axes
  3024 | D:4      | Reached XP level 8. HP: 32/61 MP: 4/8
  3136 | D:4      | Noticed Natasha
  3167 | D:4      | Killed Natasha
  3327 | D:4      | Found an iron altar of Okawaru.
  3328 | D:4      | Found a sacrificial altar of Ru.
  3453 | D:5      | Entered Level 5 of the Dungeon
  3482 | D:4      | Reached skill level 5 in Armour
  3484 | D:4      | Reached skill level 5 in Fighting
  3709 | D:5      | Reached skill level 7 in Axes
  3868 | D:5      | Reached XP level 9. HP: 50/68 MP: 6/9
  3924 | D:5      | Identified the +8 whip of the Heavens {flame, rC+}
  4328 | D:6      | Found a snail-covered altar of Cheibriados.
  4355 | D:6      | Reached skill level 8 in Axes
  4369 | D:6      | Found a staircase to the Ecumenical Temple.
  4389 | Temple   | Entered the Ecumenical Temple
  4455 | Temple   | Became a worshipper of Yredelemnul the Dark
  4623 | D:6      | You fall through a shaft for 3 floors!
  4841 | D:8      | Noticed Prince Ribbit
  4886 | D:8      | Killed Prince Ribbit
  4917 | D:8      | Reached skill level 9 in Axes
  4964 | D:8      | Noticed a purple ugly thing
  5384 | D:8      | Found a glowing golden altar of the Shining One.
  5666 | D:8      | Noticed a hippogriff
  5678 | D:8      | Killed a hippogriff
  5730 | D:9      | Reached XP level 10. HP: 66/77 MP: 10/10
  5781 | D:9      | Reached * piety under Yredelemnul
  5861 | D:9      | Found the +7 mace of Variability {chain chaos}
  5862 | D:9      | Found a shimmering altar of Xom.
  5893 | D:9      | HP: 2/77 [centaur (3)]
  6028 | D:9      | Noticed a white ugly thing
  6956 | D:9      | Reached skill level 1 in Maces & Flails
  7078 | D:9      | Reached ** piety under Yredelemnul
  7310 | D:9      | Found a staircase to the Orcish Mines.
  7864 | D:10     | Entered Level 10 of the Dungeon
  7908 | D:10     | Noticed a komodo dragon
  7922 | D:10     | Annihilated by a komodo dragon

Skill      XL: |  1  2  3  4  5  6  7  8  9 10 |
---------------+-------------------------------+-----
Shields        | 4 5 6 7 8 |  8.7
Axes           | 3 4 5 6 7 9 |  9.9
Fighting       | 4 5 6 7 |  7.2
Armour         | 4 5 6 7 |  7.3
Maces & Flails | 3 |  3.1
Evocations     | |  0.3

Action                   |  1- 3 |  4- 6 |  7- 9 | 10-12 || total
-------------------------+-------+-------+-------+-------++-------
Melee: War axe           |    84 |   149 |   372 |    35 ||   640
       Great mace        |       |       |       |    84 ||    84
Evoke: Wand              |       |       |       |     8 ||     8
  Use: Scroll            |     7 |     1 |     2 |     8 ||    18
       Potion            |       |     1 |     1 |    10 ||    12
  Eat: Chunk             |     1 |     4 |    11 |     8 ||    24
Armor: Scale mail        |    10 |       |       |       ||    10
       Pearl dragon scal |    49 |    94 |   150 |    54 ||   347
Dodge: Dodged            |    29 |    56 |    95 |    41 ||   221
Block: Shield            |    55 |   102 |   176 |   110 ||   443
